 Dungeon Crawl Stone Soup version 0.31-a0-175-g9f7f995f2b (webtiles) character file.

Game seed: 1387978903131901792

4 qw the Shield-Bearer (level 1, -3/14 HPs)
             Began as a Gargoyle Fighter on June 17, 2023.
             Slain by a kobold
             ... wielding a +0 whip
              (4 damage)
             ... on level 1 of the Dungeon.
             The game lasted 00:00:07 (107 turns).

qw the Shield-Bearer (Gargoyle Fighter)              Turns: 107, Time: 00:00:08

Health: -3/14      AC:  9    Str: 19    XL:     1   Next: 70%
Magic:  1/1        EV:  9    Int:  8    God:
Gold:   0          SH:  4    Dex:  9    Spells: 0/0 levels left

rFire   . . .        a - +0 war axe
rCold   . . .        c - +0 buckler
rNeg    + . .        b - +0 scale mail
rPois   inf          (no helmet)
rElec   +            (no cloak)
rCorr   .            (no gloves)
SInv    .            (no boots)
Will    .....        (no amulet) Stlth
                     (no ring)
HPRegen 0.22/turn    (no ring)
MPRegen 0.07/turn

%: no passive effects
@: no status effects
A: sickness immunity, AC +2, negative energy resistance 1, electricity
resistance, torment resistance 1, petrification resistance
a: no special abilities


You were on level 1 of the Dungeon.
You visited 1 branch of the dungeon, and saw 1 of its levels.


Innate Abilities, Weirdness & Mutations

You are immune to sickness and miasma.
Your stone body is resilient. (AC +2)
You are immune to poison.
You resist negative energy. (rN+)
You are resistant to electric shocks. (rElec)
You are resistant to unholy torment.
You are immune to petrification.


   Skills:
 - Level 3.2 Fighting
 + Level 2.2 Axes
 - Level 3.2 Armour
 - Level 3.2 Shields


You couldn't memorise any spells.
You didn't know any spells.
Your spell library was empty.

Inventory:

Hand Weapons
 a - a +0 war axe (weapon)
Armour
 b - a +0 scale mail (worn)
 c - a +0 buckler (worn)
Potions
 d - a potion of might

Dungeon Overview and Level Annotations

Branches:
Dungeon (1/15)

Altars:

Annotations:
D:1 exclusion: 5 jackals


Message History

You closely miss the goblin. The endoplasm freezes you.
You are frozen.
The kobold hits you but does no damage. The goblin hits you but does no damage.
The kobold hits you but does no damage.
You hit the endoplasm.
You kill the endoplasm!
You miss the kobold. You barely miss the kobold. You hit the goblin.
The kobold hits you but does no damage. The goblin hits you but does no damage.
The kobold barely misses you.
You hit the goblin but do no damage.
The goblin is severely wounded.
You barely miss the kobold. You closely miss the kobold.
The kobold hits you but does no damage. The goblin hits you but does no damage.
You block the kobold's attack. The goblin hits you but does no damage.
The kobold hits you with a +1 dagger of venom.
The kobold hits you but does no damage.
You slash the goblin!
You kill the goblin!
You barely miss the kobold. You closely miss the kobold.
You block the kobold's attack. The kobold hits you with a +0 whip.
You barely miss the kobold.
The kobold is heavily wounded.
You closely miss the kobold. You block the kobold's attack.
The kobold closely misses you.
The kobold hits you with a +1 dagger of venom.
The kobold barely misses you.
You barely miss the kobold.
The kobold is heavily wounded.
You closely miss the kobold. The kobold barely misses you.
The kobold hits you but does no damage.
You closely miss the kobold.
The kobold is heavily wounded.
You barely miss the kobold. The kobold hits you but does no damage.
The kobold hits you with a +0 whip. The kobold hits you but does no damage.
The kobold barely misses you.
You miss the kobold.
The kobold is heavily wounded.
You closely miss the kobold. The kobold closely misses you.
The kobold hits you with a +0 whip.
You die...

..................##..
~~~~~~~~~~~~~~~~~....7#
~~~~~~~~~~~~~~~~~.)...##
~~~~~~~~~~~~~~~~~......#
+#~~~~~~~#'#+#~~~.......
(##%###'##..>'~~~......#
.'.......'...'~~~......#
##.#####.###+#~~~K.....#
...#...#...#~~~~@K.....#
.###...'.}.'~~~..).....#
.# #.<.'.}.'~~~..}.....#
.. #...#...#~~~~....####
##.#####.#'#'#~~~...#
#.......#...'~~~...#
##+###'##[..'~~~...#
#~~~~~~~#+#'#~~~...#
~~~~~~~~~~~~~~~~~...#


You could see 2 kobolds.

Vanquished Creatures
  An endoplasm (D:1)
  A goblin (D:1)
  3 bats (D:1)
5 creatures vanquished.

Notes
Turn   | Place    | Note
-------+----------+-------------------------------------------
     0 | D:1      | qw the Gargoyle Fighter began the quest for the Orb.
     0 | D:1      | Reached XP level 1. HP: 14/14 MP: 1/1
     0 | D:1      | 0 ||| qw: Version: 0.3-a-3-g30531e4
     0 | D:1      | 0 ||| qw: Game counter: 397
     0 | D:1      | 0 ||| qw: Always use a shield: true
     0 | D:1      | 0 ||| qw: God list: Okawaru
     0 | D:1      | 0 ||| qw: Allow faded altars: false
     0 | D:1      | 0 ||| qw: Do Orc after D:15 true
     0 | D:1      | 0 ||| qw: Do second Lair branch before Depths: true
     0 | D:1      | 0 ||| qw: Lair rune preference: random
     0 | D:1      | 0 ||| qw: Plans: Normal, Zot:1-4, Slime:5, God:TSO, Crypt,
                  | Tomb, Abyss, Pan, Hells, Win
     0 | D:1      | 0 ||| PLANNING D:1-11
    78 | D:1      | 78 ||| FLEEEEING.
    98 | D:1      | 98 ||| Stepping ~*~*~tactically~*~*~ (water).
   104 | D:1      | HP: 3/14 [kobold/+1 dagger of venom (1)]
   106 | D:1      | HP: 1/14 [kobold/+0 whip (3)]
   107 | D:1      | Slain by a kobold

Levels and vault maps discovered:
D:1:      dpeg_arrival_castle, layout_basic, serial_forest,
          infiniplex_forest_clump_tiny, infiniplex_forest_lined_2,
          infiniplex_forest_lined_room_2, infiniplex_forest_lined_2

Skill      XL: |  1 |
---------------+----+-----
Axes           | 2 |  2.2
Fighting       | |  3.2
Armour         | |  3.2
Shields        | |  3.2

Action                     || total
---------------------------++-------
  Melee: War axe           ||    20
 Armour: Scale mail        ||    36
  Dodge: Dodged            ||    31
  Block: Buckler           ||     8

Table legend:
 A = Non-vault XP
 B = Vault XP
 C = Vault XP percentage of total XP
 D = Non-vault monster count
 E = Vault monster count
 F = Vault count percentage of total count
                 A         B        C        D         E       F
            +---------+---------+-------+---------+---------+-------
      Total |       7 |       0 |   0.0 |       5 |       0 |   0.0
            +---------+---------+-------+---------+---------+-------
        D:1 |       7 |       0 |   0.0 |       5 |       0 |   0.0
            +---------+---------+-------+---------+---------+-------
